AoeStats
← elefantenlümmel

Arena

508731782Analyzed
2v2 RM · 9d ago on Sep 23, 2026· 22m 1s· 4 players
Game mode
Random Map
Map size
Medium (4 player)
Population
200
Speed
Normal
Resources
Standard
Victory
Conquest
Starting age
Dark Age
Ending age
Imperial Age
RankedLock teamsTeams togetherTeam positionsShared explorationLock speedFull tech treeHidden civsTurbo modeCheats
Victory
Defeat
🇨🇭 Spanish · Switzerland
1405
+14
🇨🇭 Cumans · Switzerland
1396
+14
🇺🇸 Khmer · United States
1367
-14
🇬🇧 Hindustanis · United Kingdom
1354
-14
Cicdolfin
10:28 Feudal Age
11:35 Double-Bit Axe
14:32 Castle Age
12:38 Horse Collar
15:29 Bow Saw
15:21 Heavy Plow
19:27 Wheelbarrow
19:32 Gold Mining
TheAngryHog
8:36 Loom
11:13 Feudal Age
14:02 Castle Age
11:52 Double-Bit Axe
11:51 Horse Collar
15:35 Heavy Plow
16:17 Bow Saw
20:25 Town Watch
20:38 Stone Mining
elefantenlümmel
8:49 Feudal Age
9:34 Double-Bit Axe
10:41 Horse Collar
18:21 Castle Age
16:21 Loom
18:21 Bloodlines
20:26 Scale Barding Armor
Sackrattenbaer
11:24 Feudal Age
9:40 Loom
15:26 Castle Age
13:13 Horse Collar
13:19 Double-Bit Axe
Connection lost

Rejoining the realm…

Still unreachable

The connection could not be restored.

Session expired

The server has moved on; the page needs a fresh start.